 Dungeon Sprint DCSS version 0.20-a0-1121-gbb42413 (webtiles) character file.

32 potatolord6000 the Sneak (level 3, -3/19 HPs)
             Began as a Spriggan Assassin on May 10, 2017.
             Was an Initiate of Gozag.
             Slain by a killer bee (6 damage)
             ... in the Dungeon (Sprint IV: "Fedhas' Mad Dash").
             The game lasted 00:02:26 (92 turns).

potatolord6000 the Sneak (Spriggan Assassin)          Turns: 92, Time: 00:02:27

Health: -3/19      AC:  3    Str:  7    XL:     3   Next: 10%
Magic:  4/4        EV: 20    Int: 12    God:    Gozag
Gold:   37         SH:  0    Dex: 18    Spells: 2/2 levels left

rFire    . . .     SeeInvis +   a - +2 dagger
rCold    . . .     Gourm    .   (shield restricted)
rNeg     . . .     Faith    .   c - +0 robe
rPois    .         Spirit   .   (helmet restricted)
rElec    .         Reflect  .   d - +0 cloak
rCorr    .         Harm     .   (gloves unavailable)
MR       .....     NoTele   +   (boots unavailable)
Stlth    ++++......             e - amulet of invisibility {+Inv}
Regen    0.1/turn               (no ring)
MPRegen  0.1/turn               (no ring)

@: lethally poisoned (-3 -> -19), very slightly contaminated, hasted, very quick
A: unfitting armour, see invisible, herbivore 3, speed 3, slow metabolism 2
a: Potion Petition, Call Merchant, Bribe Branch, Renounce Religion, Evoke
Invisibility


You were in the Dungeon.
You worshipped Gozag.
Gozag was noncommittal.
You were not hungry.

You visited 1 branch You collected 37 gold pieces.

Inventory:

Hand Weapons
 a - a +2 dagger (weapon)
Armour
 c - a +0 robe (worn)
 d - a +0 cloak (worn)
Jewellery
 e - the amulet of invisibility (around neck) {+Inv}
   (You found it in the Dungeon)

   [amulet of nothing]

   It lets you turn invisible.
Scrolls
 b - 2 scrolls of identify {unknown}
 m - a scroll of blinking
Potions
 k - 2 potions of magic
 l - a potion of berserk rage
Comestibles
 g - a bread ration


   Skills:
 + Level 2.8 Fighting
 + Level 4.0 Short Blades
 - Level 2.0 Throwing
 + Level 4.6 Dodging
 + Level 7.7 Stealth


You had 2 spell levels left.
You didn't know any spells.

Dungeon Overview and Level Annotations

Branches:
Dungeon (1/1)

Altars:
Cheibriados
Dithmenos
Elyvilon
Gozag
Hepliaklqana
Kikubaaqudgha
Makhleb
Nemelex Xobeh
Okawaru
Qazlal
Ru
Sif Muna
Trog
Uskayaw
Wu Jian
Xom
Yredelemnul
Zin
The Shining One
Beogh
Jiyva

Annotations:
D exclusions: oklob plant and 4 oklob saplings


Innate Abilities, Weirdness & Mutations

You are very small and have problems with some larger weapons.
You are too small for most types of armour.
You have supernaturally acute eyesight. (SInv)
You are a herbivore.
You cover ground extremely quickly.
You need consume almost no food.


Message History

The killer bee poisons you! The killer bee completely misses you.
The killer bee closely misses you.
The queen bee calls on the killer bee to defend it!
The killer bee goes berserk!
The killer bee completely misses you.
You feel much better.
You feel sick. The killer bee barely misses you.
The killer bee stings you but does no damage.
The killer bee barely misses you. The killer bee stings you.
The killer bee misses you.
You feel better. The killer bee closely misses you. x2
The killer bee barely misses you. The killer bee stings you.
You are poisoned.
The killer bee poisons you! The killer bee stings you!
You feel yourself speed up.
You feel sick. The killer bee completely misses you. The killer bee stings you.
* * * LOW HITPOINT WARNING * * *
You are more poisoned.
The killer bee poisons you! The killer bee misses you.
The killer bee closely misses you. The killer bee stings you.
You die...
Your body crumbles into a pile of gold.

#<..P#.....#.$...#.⌠._._
#PP..'.....'.#[..+.._._.
#PPPP#...†.#P#...#..._._
###############'##.._._.
#y..♣...y....+...#._._._
#%..y..♣.....#$P$#######
y.. ♣y.♣..######
+####y######P
#$$y@+......
#P[###P...P. ### #####


You could see a burning bush, a queen bee and 3 killer bees.

Vanquished Creatures
  A worker ant (D)
  A river rat (D)
  A rat (D)
3 creatures vanquished.

Notes
Turn   | Place    | Note
-------+----------+-------------------------------------------
     0 | D        | potatolord6000 the Spriggan Assassin began the quest for the Orb.
     0 | D        | Reached XP level 1. HP: 10/10 MP: 2/2
    12 | D        | Reached skill level 6 in Stealth
    12 | D        | Reached XP level 2. HP: 15/15 MP: 3/3
    23 | D        | Noticed an oklob sapling
    29 | D        | Reached skill level 7 in Stealth
    29 | D        | Reached XP level 3. HP: 17/19 MP: 4/4
    48 | D        | Found an opulent altar of Gozag.
    48 | D        | Found a hazy altar of Hepliaklqana.
    48 | D        | Found a burning altar of Makhleb.
    48 | D        | Found a roughly hewn altar of Beogh.
    48 | D        | Found a sparkling altar of Nemelex Xobeh.
    48 | D        | Found a snail-covered altar of Cheibriados.
    48 | D        | Found a sacrificial altar of Ru.
    48 | D        | Found a deep blue altar of Sif Muna.
    48 | D        | Found a shimmering altar of Xom.
    48 | D        | Found a basalt altar of Yredelemnul.
    50 | D        | Found a viscous altar of Jiyva.
    50 | D        | Found a bloodstained altar of Trog.
    50 | D        | Found an ornate altar of the Wu Jian Council.
    50 | D        | Noticed an oklob sapling priest
    51 | D        | Found an iron altar of Okawaru.
    51 | D        | Found a shadowy altar of Dithmenos.
    51 | D        | Found a glowing silver altar of Zin.
    52 | D        | Found an ancient bone altar of Kikubaaqudgha.
    52 | D        | Found a hide-covered altar of Uskayaw.
    53 | D        | Found a stormy altar of Qazlal.
    53 | D        | Found a white marble altar of Elyvilon.
    53 | D        | Found a glowing golden altar of the Shining One.
    54 | D        | Became a worshipper of Gozag Ym Sagoz the Greedy
    62 | D        | Noticed an oklob sapling
    71 | D        | Noticed a queen bee
    71 | D        | Noticed a killer bee
    74 | D        | Noticed a killer bee
    74 | D        | Noticed a killer bee
    77 | D        | Noticed a killer bee
    77 | D        | Noticed a burning bush
    84 | D        | Noticed an oklob sapling
    84 | D        | Noticed a burning bush
    84 | D        | Noticed an oklob plant
    92 | D        | Slain by a killer bee

Vault maps used:
D:        dungeon_sprint_fedhas

Skill      XL: |  1  2 |
---------------+-------+-----
Fighting       | 2 |  2.8
Short Blades   | 3 4 |  4.0
Dodging        | 3 4 |  4.6
Stealth        | 6 7 |  7.7
Throwing       | |  2.0

Action                   || total
-------------------------++-------
Melee: Dagger            ||     8
 Abil: Evoke Invisibilit ||     1
  Use: Potion            ||     3
 Stab: Sleeping          ||     2
Armor: Robe              ||     4
Dodge: Dodged            ||    14
